 Dungeon Crawl Stone Soup version 0.23.0 (webtiles) character file.

Game seed: 14914160270781672313

1337 farkougg the Grappler (level 8, -4/63 HPs)
             Began as a Ghoul Monk on Feb 13, 2019.
             Was a Believer of Dithmenos.
             Slain by Prince Ribbit (7 damage)
             ... on level 7 of the Dungeon.
             The game lasted 00:22:56 (4744 turns).

farkougg the Grappler (Ghoul Monk)                  Turns: 4744, Time: 00:22:57

Health: -4/63      AC:  8    Str: 15    XL:     8   Next: 61%
Magic:  7/7        EV: 14    Int:  7    God:    Dithmenos [**....]
Gold:   259        SH:  0    Dex: 11    Spells: 7/7 levels left

rFire    . . .     SeeInvis .     - Unarmed
rCold    + + .     Gourm    .   (no shield)
rNeg     + + +     Faith    .   q - +1 robe {rC+}
rPois    ∞         Spirit   .   e - +0 helmet
rElec    .         Reflect  .   (no cloak)
rCorr    .         Harm     .   (no gloves)
MR       .....                  m - +0 pair of boots
Stlth    +++.......             (no amulet)
HPRegen  0.00/turn              h - ring of attention (curse)
MPRegen  0.10/turn              j - +3 ring of protection

@: rotting, wreathed by umbra
A: rotting body, claws 1, carnivore, cold resistance 1, negative energy
resistance 3, inhibited regeneration, torment resistance, unbreathing
a: Shadow Step, Renounce Religion


You were on level 7 of the Dungeon.
You worshipped Dithmenos.
Dithmenos was pleased with you.
You were not hungry.

You visited 2 branches of the dungeon, and saw 9 of its levels.

You collected 259 gold pieces.

Inventory:

Hand Weapons
 w - a +0 blowgun
Missiles
 o - 14 tomahawks (quivered)
 C - 13 poisoned needles
Armour
 e - a +0 helmet (worn)
 m - a +0 pair of boots (worn)
 q - a +1 robe of cold resistance (worn)
 z - a +0 buckler
Jewellery
 a - an uncursed amulet of regeneration {unknown}
 h - a cursed ring of attention (left claw)
 j - a +3 ring of protection (right claw)
 y - an uncursed ring of wizardry
Wands
 p - a wand of iceblast (9)
Scrolls
 c - 6 scrolls of identify {unknown}
 g - a scroll of immolation {unknown}
 k - a scroll of amnesia {unknown}
 r - a scroll of fear {unknown}
 s - a scroll of blinking {unknown}
 v - 2 scrolls of remove curse {unknown}
 A - 2 scrolls of magic mapping {unknown}
 D - a scroll of silence {unknown}
Potions
 d - a potion of berserk rage {unknown}
 f - a potion of invisibility {unknown}
 i - 4 potions of flight {unknown}
 l - 3 potions of brilliance {unknown}
 n - a potion of lignification {unknown}
 t - a potion of curing {unknown}
 u - a potion of might {unknown}
 x - a potion of haste {unknown}
 B - a potion of agility {unknown}
Comestibles
 b - 12 rations


   Skills:
 - Level 3.2 Fighting
 - Level 5.0 Dodging
 + Level 6.4 Stealth
 + Level 1.5 Shields
 * Level 8.6 Unarmed Combat


You had 7 spell levels left.
You didn't know any spells.
Your spell library contained the following spells:

 Spells                   Type           Power        Failure   Level  Hunger
 Animate Skeleton         Necr           N/A          43%         1    ##.....
 Apportation              Tloc           #.....       43%         1    ##.....
 Confusing Touch          Hex            #.....       43%         1    ##.....
 Summon Small Mammal      Summ           #...         43%         1    ##.....


Dungeon Overview and Level Annotations

Branches:
Dungeon (8/15)             Temple (1/1) D:6
   Lair: D:8-11

Altars:
Cheibriados
Dithmenos
Elyvilon
Hepliaklqana
Nemelex Xobeh
Okawaru
Ru
Trog
Vehumet
Wu Jian
Xom
Yredelemnul
Zin
The Shining One

Shops:
D:5 :

Annotations:
D:3 Grinder
D:7 Prince Ribbit


Innate Abilities, Weirdness & Mutations

Your body is rotting away.
You thrive on raw meat.
You are immune to poison.
You have sharp fingernails.
You are carnivorous and can eat meat at any time.
Your flesh is cold resistant. (rC+)
You are immune to negative energy. (rN+++)
You do not regenerate when monsters are visible.
You are immune to unholy pain and torment.
You can survive without breathing.


Message History

Prince Ribbit is severely wounded.
Prince Ribbit hits you!
Okay, then.
Prince Ribbit catches a mouse with his tongue.
Prince Ribbit barely misses you.
You climb upwards.
There is a stone staircase leading down here.
Prince Ribbit hits you!
* * * LOW HITPOINT WARNING * * *
Prince Ribbit barely misses you. Prince Ribbit hits you!
* * * LOW HITPOINT WARNING * * *
Evoke which item? (* to show all) (? for menu, Esc to quit)
Aiming: Iceblast
Press: ? - help, Shift-Dir - straight line The mass of ice explodes!
The iceblast engulfs Prince Ribbit!
Prince Ribbit is almost dead.
Prince Ribbit casts a spell.
Prince Ribbit looks slightly unstable.
Prince Ribbit hits you!
You die...

#####.......##
##........ #####...#
#......... ### ###.#
#...>..... ..## #.##
####......... ...# #..#
####............ ...##
##.#####.............##
....#
#..................###
..>.##
#............<....##
.....#
#....@...........##
.....#
##..F.......##.### ##
.....# #.........#####
###. #....#
###........## ###...
##..#######>........##
##.....
##...##.....##....##
##......
##....##...####.##
##....... ##..####...#
#..# ##........ #..##
#...# ##.# #.........


You could see Prince Ribbit.

Vanquished Creatures
  Pikel (D:6)
  A hippogriff (D:7)
  A necrophage (D:5)
  A centaur (D:6)
  A scorpion (D:4)
  A howler monkey (D:6)
  3 crimson imps
  2 hounds
  An orc priest (D:5)
  An iguana (D:7)
  4 worker ants
  A hound zombie (D:8)
  A worker ant zombie (D:7)
  7 adders
  2 shadow imps
  An ooze (D:1)
  An adder skeleton (D:4)
  A worm (D:5)
  6 leopard geckos
  8 orcs
  3 giant cockroaches
  3 goblins
  2 hobgoblins
  4 jackals (D:7)
  A quokka (D:2)
  5 bats
  A frilled lizard (D:1)
  6 kobolds
  A quokka skeleton (D:4)
  A quokka zombie (D:5)
  4 rats
76 creatures vanquished.

Vanquished Creatures (others)
  3 gnolls (D:6)
  A worm (D:4)
4 creatures vanquished.

Grand Total: 80 creatures vanquished

Notes
Turn   | Place    | Note
-------+----------+-------------------------------------------
     0 | D:1      | farkougg the Ghoul Monk began the quest for the Orb.
     0 | D:1      | Reached XP level 1. HP: 19/19 MP: 0/0
   174 | D:1      | Reached XP level 2. HP: 25/25 MP: 1/1
   873 | D:2      | Reached skill level 4 in Unarmed Combat
   873 | D:2      | Reached XP level 3. HP: 31/31 MP: 2/2
  1261 | D:3      | Reached XP level 4. HP: 27/38 MP: 3/3
  1366 | D:3      | Noticed Grinder
  1374 | D:3      | Paralysed by Grinder for 4 turns
  1383 | D:3      | Found a hazy altar of Hepliaklqana.
  1745 | D:4      | Found a sparkling altar of Nemelex Xobeh.
  1812 | D:4      | Reached skill level 5 in Unarmed Combat
  1812 | D:4      | Reached XP level 5. HP: 42/44 MP: 4/4
  2058 | D:4      | Reached XP level 6. HP: 33/50 MP: 5/5
  2351 | D:5      | Entered Level 5 of the Dungeon
  2351 | D:5      | Found Akikket's Book Emporium.
  2507 | D:5      | Noticed a necrophage
  2532 | D:5      | Killed a necrophage
  2532 | D:5      | Reached skill level 6 in Unarmed Combat
  2687 | D:5      | Found a snail-covered altar of Cheibriados.
  2810 | D:5      | Reached XP level 7. HP: 43/57 MP: 6/6
  3278 | D:6      | Noticed Pikel
  3327 | D:6      | Killed Pikel
  3327 | D:6      | Reached skill level 5 in Stealth
  3327 | D:6      | Reached skill level 7 in Unarmed Combat
  3327 | D:6      | Reached XP level 8. HP: 24/63 MP: 7/7
  3508 | D:6      | Reached skill level 5 in Dodging
  3517 | D:6      | Found a staircase to the Ecumenical Temple.
  3524 | Temple   | Entered the Ecumenical Temple
  3578 | Temple   | Became a worshipper of Dithmenos the Shadowed
  3578 | Temple   | Reached * piety under Dithmenos
  3578 | Temple   | Reached ** piety under Dithmenos
  3834 | D:7      | Found an iron altar of Okawaru.
  3843 | D:7      | Reached skill level 8 in Unarmed Combat
  3894 | D:7      | Found a radiant altar of Vehumet.
  3973 | D:7      | Noticed a hippogriff
  4003 | D:7      | Killed a hippogriff
  4003 | D:7      | Reached skill level 1 in Shields
  4721 | D:8      | Noticed Prince Ribbit
  4741 | D:7      | HP: 3/63 [Prince Ribbit (9)]
  4744 | D:7      | Slain by Prince Ribbit

Skill      XL: |  1  2  3  4  5  6  7  8 |
---------------+-------------------------+-----
Dodging        | 3 4 5 |  5.0
Unarmed Combat | 4 5 6 7 8 |  8.6
Stealth        | 3 4 5 6 |  6.4
Shields        | 1 |  1.5
Fighting       | |  3.2

Action                   |  1- 3 |  4- 6 |  7- 9 || total
-------------------------+-------+-------+-------++-------
Melee: Unarmed           |    93 |   143 |   122 ||   358
       Punch             |     2 |     3 |     4 ||     9
 Fire: Blowgun           |       |       |     4 ||     4
Throw: Tomahawk          |       |       |     1 ||     1
Evoke: Wand              |       |       |     1 ||     1
 Stab: Sleeping          |     4 |     4 |       ||     8
       Distracted        |       |       |     1 ||     1
  Eat: Chunk             |     6 |     7 |     9 ||    22
Armor: Robe              |    20 |    30 |    24 ||    74
Dodge: Dodged            |    61 |    73 |    65 ||   199
